 Dungeon Crawl Stone Soup version 0.26-a0-812-g31a745ddcd (webtiles) character file.

Game seed: 10498742687051238930

38 Lanoc the Sneak (level 3, -5/28 HPs)
             Began as a Draconian Enchanter on Nov 19, 2020.
             Slain by a scorpion (6 damage)
             ... on level 4 of the Dungeon.
             The game lasted 00:02:13 (413 turns).

Lanoc the Sneak (Draconian Enchanter)                Turns: 413, Time: 00:02:14

Health: -5/28      AC:  5    Str:  9 (10) XL:     3   Next: 25%
Magic:  3/6        EV: 11    Int: 17      God:
Gold:   8          SH:  2    Dex: 12      Spells: 3/6 levels left

rFire    . . .     SeeInvis .   a - +1 dagger
rCold    . . .     Faith    .   d - -1 buckler (curse)
rNeg     . . .     Spirit   .   (armour unavailable)
rPois    .         Reflect  .   (helmet restricted)
rElec    .         Harm     .   (no cloak)
rCorr    .         Rampage  .   (no gloves)
MR       .....                  (no boots)
Stlth    ++........             b - amulet of the acrobat
HPRegen  0.09/turn              (no ring)
MPRegen  0.10/turn              (no ring)

@: lethally poisoned (-5 -> -10)
A: unfitting armour, clever 1, deterioration 1, cold-blooded, AC +5
a: no special abilities


You were on level 4 of the Dungeon.
You visited 1 branch of the dungeon, and saw 4 of its levels.

You collected 8 gold pieces.

Inventory:

Hand Weapons
 a - a +1 dagger (weapon)
Armour
 d - a cursed -1 buckler (worn)
Jewellery
 b - an amulet of the acrobat (around neck)
Scrolls
 c - a scroll of remove curse {unknown}


   Skills:
 + Level 1.3 Fighting
 - Level 1.0 Short Blades
 + Level 2.2 Dodging
 + Level 3.1 Stealth
 - Level 2.0 Spellcasting
 + Level 3.0 Hexes


You had 3 spell levels left.
You knew the following spells:

 Your Spells              Type           Power        Failure   Level
a - Corona                Hex            ##.....      9%          1
b - Ensorcelled Hibernat  Hex/Ice        #.....       26%         2

Your spell library contained the following spells:

 Spells                   Type           Power        Failure   Level
 Confusing Touch          Hex            ##......     26%         3
 Tukima's Dance           Hex            ##......     26%         3
 Dazzling Flash           Conj/Hex       #.....       45%         3


Dungeon Overview and Level Annotations

Branches:
Dungeon (4/15)
 Temple: D:4-7

Altars:


Innate Abilities, Weirdness & Mutations

Your plain brown scales are hard. (AC +5)
You cannot fit into any form of body armour.
You are cold-blooded and may be slowed by cold attacks.
Your mind is acute. (Int +2)
Your body sometimes deteriorates upon taking damage.


Message History

* * * LOW HITPOINT WARNING * * *
You feel sick.
* * * LOW HITPOINT WARNING * * *
You feel sick.
* * * LOW HITPOINT WARNING * * *
You feel sick.
You open the door. You block the scorpion's attack.
* * * LOW HITPOINT WARNING * * *
You feel sick.
There is an open door here.
* * * LOW HITPOINT WARNING * * *
You feel sick.
* * * LOW HITPOINT WARNING * * *
You feel sick.
* * * LOW HITPOINT WARNING * * *
You feel sick.
You open the door.
* * * LOW HITPOINT WARNING * * *
You feel sick. The scorpion stings you.
You die...

#.......#
#.......
#......
##..... .....
... #'#####
#@....#
#s....#
#######.....#
............#
............#
............#
#########'####
#........#
#........#


You could see a scorpion.

Vanquished Creatures
  A worker ant zombie (D:2)
  2 adders
  A dart slug (D:1)
  A giant cockroach (D:3)
  A hobgoblin (D:3)
  2 bats
  2 frilled lizards
10 creatures vanquished.

Vanquished Creatures (others)
  A plant (D:2)
1 creature vanquished.

Grand Total: 11 creatures vanquished

Notes
Turn   | Place    | Note
-------+----------+-------------------------------------------
     0 | D:1      | Lanoc the Draconian Enchanter began the quest for the Orb.
     0 | D:1      | Reached XP level 1. HP: 14/14 MP: 3/3
    68 | D:2      | Reached XP level 2. HP: 22/22 MP: 5/5
    98 | D:2      | Reached skill level 1 in Fighting
   105 | D:2      | Learned a level 2 spell: Ensorcelled Hibernation
   122 | D:3      | Reached XP level 3. HP: 13/28 MP: 1/6
   126 | D:3      | Gained mutation: Your body sometimes deteriorates upon
                  | taking damage. [potion of mutation]
   126 | D:3      | Gained mutation: Your mind is acute. (Int +2) [potion of
                  | mutation]
   366 | D:3      | Noticed a scorpion
   413 | D:4      | HP: 1/28 [poisoned by a scorpion]
   413 | D:4      | Slain by a scorpion

Illustrated notes

Levels and vault maps discovered:
D:1:      saegor_arrival_miasma, layout_basic
D:2:      wad_lake_hut, layout_rooms
D:3:      minmay_door_path, layout_loops_corners, ebering_ghost_reflecting_pool,
          uniq_natasha
D:4:      layout_gridville

Skill      XL: |  1  2 |
---------------+-------+-----
Dodging        | 2 |  2.2
Fighting       | 1 |  1.3
Stealth        | 3 |  3.1
Hexes          | 3 |  3.0
Short Blades   | |  1.0
Spellcasting   | |  2.0

Action                   || total
-------------------------++-------
Melee: Dagger            ||    38
       Tailslap          ||     4
 Cast: Ensorcelled Hiber ||     4
  Use: Potion            ||     2
 Stab: Sleeping          ||     2
Armor: Skin              ||     8
Dodge: Dodged            ||    23
Block: Buckler           ||     2

Table legend: (Time is in decaauts)
 A = Elapsed time spent in this place.
 B = Non-inter-level travel time spent in this place.
 C = Inter-level travel time spent in this place.
 D = Time resting spent in this place.
 E = Time spent auto-exploring this place.
 F = Levels seen in this place.
 G = Mean time per level.
                   A        B        C        D        E       F      G
               +--------+--------+--------+--------+--------+-----+--------+
         Total |    410 |    401 |      9 |     42 |    212 |   4 |  102.5 |
       Dungeon |    410 |    401 |      9 |     42 |    212 |   4 |  102.5 |
               +--------+--------+--------+--------+--------+-----+--------+

Top non-repeatable levels by time:
     D:3: 291 daAuts
     D:1: 57 daAuts
     D:2: 46 daAuts
     D:4: 13 daAuts
